Schmensch, lawful female human Priestess -.| |.- |.. |... |..- |.%. -Y. |@. --. Schmensch the Priestess Experience level: 6 Strength: 10 Dexterity: 11 Constitution: 17 Intelligence: 19 Wisdom: 8 Charisma: 11 Health: 0(52) Energy: 54(54) Def: 11 Gold: 621 Moves: 3922 Dungeon seed [set]: Game ID: Schmensch_1676207105 Your Inventory: Coins $ - 621 gold pieces Weapons a - a blessed rusty +1 mace (weapon in hand) j - an uncursed thoroughly rusty +0 long sword D - 17 uncursed +0 darts Armor e - an uncursed +0 robe (being worn) n - an uncursed +0 small shield (being worn) y - a blessed +0 pair of elven boots (being worn) z - a blessed +4 studded leather armor (being worn) Comestibles L - an uncursed slime mold Scrolls q - an uncursed scroll of teleportation t - an uncursed scroll of enchant armor u - an uncursed scroll of scare monster w - a cursed scroll of identify E - an uncursed scroll of enchant weapon M - a blessed scroll of identify Spellbooks g - an uncursed spellbook of light h - an uncursed spellbook of detect food i - an uncursed spellbook of protection Potions b - 3 potions of holy water x - a cursed potion of sight F - an uncursed potion of restore ability Rings s - a cursed ring of teleportation K - an uncursed ring of polymorph control Wands f - an uncursed wand of cancellation (0:0) v - an uncursed wand of enlightenment (0:10) Tools l - an uncursed sack I - an uncursed tallow candle (0:200) Gems r - an uncursed jet C - a blessed touchstone Spells and supernatural/magical abilities: Name Level Category Fail Memory l - light 1 divination 0% 81% p - protection 1 clerical 0% 81% E - detect food 2 divination 10% 81% W - pray for help -- divine ? -- X - turn undead -- divine ? -- Your skills at the end: Miscellaneous Skills shield [Basic] wands [Basic] stealth [Expert] Weapon Skills mace [Basic] Spellcasting Skills clerical spells [Basic] Final Attributes: You were devoutly aligned. You were poison resistant. You were very stealthy. You are dead. Vanquished creatures: 3 giant beetles a dust vortex a shrieker 2 gnome lords 2 kittens 2 dwarves a kobold lord an iguana a giant bat 2 orc zombies a dwarf zombie 2 coyotes a gas spore 2 acid blobs 4 geckos 2 giant rats 2 cave spiders 2 brown molds a yellow mold a green mold 18 gnomes 2 jackals a kobold 4 newts a goblin 2 sewer rats 7 grid bugs 2 lichens 2 kobold zombies 73 creatures vanquished. Voluntary challenges: You did not adorn yourself with jewelry or accessories. You did not cause conflict. You were not invisible. You did not have reflection. You were not displaced. You had been an atheist until turn 1932. You did not donate to any temples.. You used a wielded weapon 117 times, starting on turn 88. You did not use tools. You did not use sinks. You did not drink any magical draughts. You were illiterate. You never genocided any monsters. You never polymorphed an object. You never changed form. You used no wishes. You did not use any artifacts. You never split a pudding. You never wrote Elbereth's name. You never violated your personal moral code. Dungeon overview: The Dungeons of Doom: levels 1 to 4 Level 1 a fountain a long staircase Level 2 a vault Level 3 Level 4 an armor shop, a fountain stairs to The Gnomish Mines The Gnomish Mines: levels 5 to 8 Level 5 stairs to The Dungeons of Doom Level 6 Level 8 <- You were here History has recorded: On T:1 you entered the Dungeons of Doom to retrieve the Amulet of Yendor! On T:359 you reached level 2 of The Dungeons of Doom. On T:830 you reached level 3 of The Dungeons of Doom. On T:862 you advanced to experience level 2. On T:1192 you reached level 4 of The Dungeons of Doom. On T:1429 you advanced to experience level 3. On T:1822 you reached level 1 of The Gnomish Mines. On T:1904 you advanced to experience level 4. On T:1932 you prayed to Issek. On T:1973 you advanced to experience level 5. On T:2138 you reached level 2 of The Gnomish Mines. On T:2194 you became devout. On T:2927 you advanced to experience level 6. On T:3907 you reached level 4 of The Gnomish Mines. Score breakdown: Gold: 621 ( 62 points) Experience: 6 levels ( 500 points) Exploration: 8 levels ( 210 points) Discoveries: 21 items ( 1050 points) Variety of kills: 29 monsters ( 1450 points) Major goal: (nothing yet) ( 0 points) Survival: died (score multiplied by 3) Total score: 9816 Latest messages: The yeti just misses! The yeti misses. The yeti claws you! The yeti misses. (2x) You hit the yeti. The yeti claws you! The yeti misses. The yeti bites! The gnome lord punches you! You hit the yeti! The yeti misses. The yeti claws you! The yeti bites! There are a few objects here. You hit the yeti. The yeti claws you! The yeti misses. (5x) You hit the yeti. The yeti misses. (2x) The yeti bites! You hit the yeti! The yeti claws you! The yeti misses. (2x) The yeti claws you! (2x) You die... The sack is empty. The sack is empty. Final status: Goodbye Schmensch the Priestess, killed by a yeti... You died in The Gnomish Mines on dungeon level 8 with 9816 points, and 621 pieces of gold, after 3922 moves. You were level 6 with a maximum of 52 hit points when you died.